nht, chaotic female elven Wizard ------------ --- |..........-- ..| |...........| ..----- |...........| ---------- ......$| |...........| .........| ........ ##..%.........+ ### |........| |.....>.| ------ # --..........| ### |....*...| #....- |%.*.-#### ----------|- ####--.------- ## |....| # ### # ####### # |%...| # # ### # # |%!..| # # # ### # ------ # # #################)##### # #################`## ## # -)--|- ## # # --.--.--# --....| -----------.- ........###### |_..<.| |...........| |......|# # |.*...| |...........| |....{.-# KK@.....| |......[..... -------- --....| ------------- ------ nht the Conjurer Experience level: 4 Strength: 25 Dexterity: 17 Constitution: 11 Intelligence: 20 Wisdom: 11 Charisma: 8 Health: 0(22) Energy: 42(56) Def: 2 Gold: 0 Moves: 806 Dungeon seed: yLloKswaVF2EDJB2 Game ID: nht_1433827155 Your Inventory: Weapons a - a blessed +1 quarterstaff (weapon in hands) Armor e - an uncursed +0 cloak of magic resistance (being worn) r - an uncursed +0 pair of gauntlets of power (being worn) Comestibles X - 15 uncursed cream pies Scrolls j - an uncursed scroll of light k - an uncursed scroll of create monster I - an uncursed scroll of identify J - an uncursed scroll of taming L - an uncursed scroll of teleportation P - an uncursed scroll of enchant armor Q - a cursed scroll of confuse monster Spellbooks m - a blessed spellbook of blank paper n - an uncursed spellbook of healing s - a cursed spellbook of blank paper Potions f - an uncursed potion of booze g - a blessed potion of sleeping h - an uncursed potion of gain energy t - an uncursed potion of restore ability C - an uncursed potion of water named u O - 2 uncursed potions of sleeping R - a potion of holy water named 1 T - a cursed potion of booze Rings c - an uncursed +2 ring of increase damage d - an uncursed ring of teleportation u - an uncursed ring of cold resistance S - an uncursed ring of slow digestion Wands b - a wand of make invisible (0:8) q - a wand of digging (0:5) Tools i - an uncursed brass lantern (0:1458) o - a magic marker (0:66) p - an uncursed tooled horn Spells known in the end: Name Level Category Fail Memory a - force bolt 1 attack 3% 96% b - magic missile 2 attack 0% 96% c - healing 1 healing 3% 96% d - detect monsters 1 divination 3% 97% Your skills at the end: Fighting Skills Weapon Skills quarterstaff [Basic] Spellcasting Skills attack spells [Basic] enchantment spells [Basic] Final Attributes: You were piously aligned. You were sleep resistant. You were magic-protected. You were telepathic. You had infravision. You are dead. Vanquished creatures: a Kop Lieutenant a floating eye 2 Kop Sergeants an iguana a hobbit 3 Keystone Kops 2 jackals a fox 2 kobolds a sewer rat 2 grid bugs a lichen 3 newts 21 creatures vanquished. Voluntary challenges: You used a wielded weapon 24 times, starting on turn 12. You read items or engraved 6 times, starting on turn 44. You never genocided any monsters. You never polymorphed an object. You never changed form. You used no wishes. You never split a pudding. You never wrote Elbereth's name. You never violated your personal moral code. You disabled loading bones files. Dungeon overview: The Dungeons of Doom: levels 1 to 4 Level 1 a sink a long staircase Level 2 (potions) a potion shop Level 3 an armor shop Level 4 <- You were here a general store, an altar to Anhur, a fountain History has recorded: On T:1 you entered the Dungeons of Doom to retrieve the Amulet of Yendor! On T:49 you reached level 2 of The Dungeons of Doom. On T:357 you reached level 3 of The Dungeons of Doom. On T:462 you advanced to experience level 2. On T:512 you reached level 4 of The Dungeons of Doom. On T:681 you advanced to experience level 3. On T:755 you advanced to experience level 4. Score breakdown: Gold: 0 ( 0 points) Experience: 4 levels ( 9649 points) Exploration: 4 levels ( 8.51%) ( 7661 points) Discoveries: 4 items ( 1.45%) ( 3611 points) Valuables value: (no points given unless you survive) Artifact value: 0 ( 0 points) Variety of kills: 13 monsters ( 3.43%) ( 5556 points) Time penalty: 806 turns ( 0 points) Survival: died (score multiplied by 80%) Total score: 21181 Latest messages: c - an uncursed +2 ring of increase damage (unpaid, 200 zorkmids). "For you, most gracious lady; only 200 for this wand of digging." q - an uncursed wand of digging (unpaid, 200 zorkmids). "For you, honored lady; only 200 for this wand of make invisible." b - a wand of make invisible (0:8) (unpaid, 200 zorkmids). "For you, good lady; only 66 for this magic marker." o - a magic marker (0:66) (unpaid, 66 zorkmids). "For you, esteemed lady; only 20 for this tooled horn." p - an uncursed tooled horn (unpaid, 20 zorkmids). You escaped the shop without paying! You stole 3515 zorkmids worth of merchandise. An alarm sounds! The Keystone Kops are after you! "For you, most gracious lady; only 133 for this dark potion." t - an uncursed dark potion (unpaid, 133 zorkmids). "For you, honored lady; only 66 for this potion of booze." f - an uncursed potion of booze (unpaid, 66 zorkmids). "For you, most gracious lady; only 66 for this potion of booze." T - a potion of booze (unpaid, 66 zorkmids). You drop a Keystone Kop corpse. Your movements are now unencumbered. The Kop Sergeant swings his club. The Kop Sergeant hits! You die... Possogroenoe comes and takes all your possessions. Final status: Goodbye nht the Wizard, killed by a Kop Sergeant... You died in The Dungeons of Doom on dungeon level 4 with 21181 points, and 0 pieces of gold, after 806 moves. You were level 4 with a maximum of 22 hit points when you died.